[Event "*** Titled Tuesday Blitz"]
[Site "Chess.com"]
[Date "2020.12.29"]
[Round "5"]
[White "mbachez"]
[Black "Caisachess"]
[Result "1-0"]
[WhiteElo "2545"]
[BlackElo "2361"]
[TimeControl "180+1"]
[EndTime "10:58:32 PST"]
[Termination "mbachez won on time"]

1. e4 e5 2. Nf3 Nc6 3. Bb5 f5 4. d3 fxe4 5. dxe4 Nf6 6. Qe2 Bb4+ 7. Nc3 d6 8. O-O Bxc3 9. bxc3 O-O 10. a4 Qe8 11. Rd1 Bg4 12. h3 Bh5 13. Rd3 Qg6 14.
Re3 Nd8 15. Qc4+ Qf7 16. Ng5 Qxc4 17. Bxc4+ Kh8 18. Ba3 h6 19. Nf3 Bf7 20. Bf1 Re8 21. Rb1 b6 22. a5 Ne6 23. Bb5 Red8 24. a6 Bg6 25. Bc6 Rab8 26. Nh4 Be8 27. Bd5 Nxd5 28.
exd5 Nf4 29. c4 Bd7 30. Kh2 g5 31. Nf3 Rf8 32. Bc1 Rf7 33. Bb2 Kh7 34. Rbe1 Rbf8 35.
Ng1 Nxg2 36. Kxg2 Rxf2+ 37. Kh1 Rxc2 38. R3e2 Rxc4 39. Rc1 Bb5 40. Rec2 Rc5 41. Ba3 Rxc2 42. Rxc2 Rf7 43. Kg2 Bxa6 44. Ne2 Bb7 45. Nc3 Rf4 46. Nb5 Bxd5+ 47. Kg3 Rf3+ 48. Kh2 c6 49. Nc3 Rf6 50. Nxd5 cxd5 51. Rc7+ Kg6 52. Rxa7 Kf5 53. Ra4 d4 54.
Bb2 Ke4 55. Rb4 Rf2+ 56. Kg3 Rf3+ 57. Kg4 Rf4+ 58. Kg3 Rf6 59. Rxb6 Ke3 60. Rb3+ d3 61.
Ba3 e4 62. Bb2 Re6 63. Bc3 Ke2 64. Rb2+ Ke3 65. Bd2+ Kd4 66. Rb4+ Kc5 67. Rb3 Kc6 68. Rc3+ Kd5 69. Be3 Ke5 70. Rc4 d5 71. Rc8 Rd6 72. Re8+ Kf6 73. Bd4+ Kg6 74. Ra8 d2 75. Ra1 Re6 76.
Kf2 e3+ 77. Bxe3 Re4 78. Rd1 Rh4 79. Kg2 Re4 80. Bxd2 Kf5 81. Be1 Ke5 82. Bg3+ Kf5 83. Rb1 d4 84. Rb5+ Kg6 85. Rb6+ Kg7 86. Rd6 h5 87. Kf3 Re7 88. Rxd4 Kg6 89. Rd6+ Kg7 90. Rd5 Rf7+ 91. Ke4 Kg6 92. Rd6+ Kg7 93. Be5+ Kh7 94. Bf6 g4 95. h4 Kg6 96. Bg5+ Kh7 97. Rh6+ Kg7 98. Rxh5 g3 99. Be3 Re7+ 100. Kf3 g2 101.
Rg5+ Kh6 102. Rxg2+ Kh5 103. Rg5+ Kxh4 104. Rg6 Re5 105. Bf4 Rh5 106. Rg1 1-0

[Event "*** Titled Tuesday Blitz"]
[Site "Chess.com"]
[Date "2020.12.29"]
[Round "6"]
[White "biostatistician"]
[Black "MashaFromRussia"]
[Result "1-0"]
[WhiteElo "2608"]
[BlackElo "2409"]
[TimeControl "180+1"]
[EndTime "10:59:54 PST"]
[Termination "biostatistician won by resignation"]

1. d4 Nf6 2. Nf3 g6 3. c4 Bg7 4.
Nc3 O-O 5. e4 d6 6. Be2 e5 7.
dxe5 dxe5 8. Qxd8 Rxd8 9. Bg5 Na6 10. Nd5 Rd6 11. Nxf6+ Bxf6 12. Bxf6 Rxf6 13. Nxe5 Re6 14. f4 f6 15. Ng4 Rxe4 16. Nxf6+ 1-0

[Event "*** Titled Tuesday Blitz"]
[Site "Chess.com"]
[Date "2020.12.29"]
[Round "6"]
[White "catzapto"]
[Black "ARMQUEEN"]
[Result "0-1"]
[WhiteElo "2126"]
[BlackElo "2414"]
[TimeControl "180+1"]
[EndTime "11:00:20 PST"]
[Termination "ARMQUEEN won by resignation"]

1. e4 c5 2. Nf3 Nc6 3. c3 Nf6 4. e5 Nd5 5. d4 cxd4 6. cxd4 d6 7. Nc3 Nxc3 8. bxc3 dxe5 9. dxe5 Qa5 10. Qb3 Be6 11.
Qxb7 Qxc3+ 12. Nd2 Rb8 0-1

[Event "*** Titled Tuesday Blitz"]
[Site "Chess.com"]
[Date "2020.12.29"]
[Round "6"]
[White "BobbySteen89"]
[Black "Jean-Claude_Vandal"]
[Result "1/2-1/2"]
[WhiteElo "2122"]
[BlackElo "2393"]
[TimeControl "180+1"]
[EndTime "11:00:34 PST"]
[Termination "Game drawn by agreement"]

1. e4 c6 2. d4 d5 3. exd5 cxd5 4. Bd3 Nc6 5. c3 Qc7 6. Ne2 Bg4 7. f3 Bh5 8. Bf4 Qd7 9. Nd2 e6 10. O-O Nf6 11.
Ng3 Bg6 12. Nb3 Bxd3 13. Qxd3 Bd6 14. Bxd6 Qxd6 15. Nc5 b6 16. Nb3 O-O 17. Rae1 Rfe8 1/2-1/2

[Event "*** Titled Tuesday Blitz"]
[Site "Chess.com"]
[Date "2020.12.29"]
[Round "6"]
[White "Dynamikus"]
[Black "realmadridtv"]
[Result "1-0"]
[WhiteElo "2728"]
[BlackElo "2452"]
[TimeControl "180+1"]
[EndTime "11:00:38 PST"]
[Termination "Dynamikus won by resignation"]

1. e4 e5 2. f4 Nc6 3. Nf3 d6 4. Bc4 Be7 5. d3 Be6 6. f5 Bxc4 7. dxc4 Nf6 8. Nc3 h6 9. Be3 Nd7 10. Qd2 Nc5 11. O-O-O Qd7 12. Bxc5 dxc5 13. Qxd7+ 1-0

[Event "*** Titled Tuesday Blitz"]
[Site "Chess.com"]
[Date "2020.12.29"]
[Round "6"]
[White "crescentmoon2411"]
[Black "bocah_sakit"]
[Result "1/2-1/2"]
[WhiteElo "2896"]
[BlackElo "2835"]
[TimeControl "180+1"]
[EndTime "11:01:19 PST"]
[Termination "Game drawn by agreement"]

1. e4 c5 2. Nf3 Nc6 3. Bb5 g6 4. Bxc6 dxc6 5. d3 Bg7 6. h3 Nf6 7. Nc3 Nd7 8. Be3 b6 9. O-O e5 10. Qd2 h6 11. Nh2 Nf8 12. f4 exf4 13. Bxf4 Ne6 14. Bg3 Qg5 15. Qxg5 Nxg5 16. e5 Bf5 1/2-1/2

[Event "*** Titled Tuesday Blitz"]
[Site "Chess.com"]
[Date "2020.12.29"]
[Round "6"]
[White "bylavochka"]
[Black "Pawnpusherschessaccademy"]
[Result "1-0"]
[WhiteElo "2141"]
[BlackElo "2303"]
[TimeControl "180+1"]
[EndTime "11:01:26 PST"]
[Termination "bylavochka won by resignation"]

1. e4 e5 2. Nf3 Nc6 3. d4 exd4 4. Nxd4 Nf6 5. Nc3 Bb4 6. Nxc6 bxc6 7. Bd3 d5 8. exd5 O-O 9. O-O cxd5 10. Bg5 h6 11.
Bxf6 gxf6 12. Qh5 c6 13. Qxh6 f5 14. Qxc6 Rb8 15. Nxd5 Rb7 16. Rad1 1-0

[Event "*** Titled Tuesday Blitz"]
[Site "Chess.com"]
[Date "2020.12.29"]
[Round "6"]
[White "HrvojeZagreb"]
[Black "yobdc"]
[Result "0-1"]
[WhiteElo "2226"]
[BlackElo "2445"]
[TimeControl "180+1"]
[EndTime "11:01:32 PST"]
[Termination "yobdc won by resignation"]

1. d4 e6 2. Bf4 f5 3. h3 Nf6 4. g4 g6 5. e3 Bg7 6. Ne2 Nc6 7. Nbc3 d6 8. Ng3 Qe7 9. g5 Ng8 10. h4 e5 11. Nd5 Qf7 12. dxe5 dxe5 13. Bc4 Be6 14. Nxc7+ Qxc7 15. Bxe6 exf4 16. exf4 Rd8 17. Qe2 Nd4 0-1

[Event "*** Titled Tuesday Blitz"]
[Site "Chess.com"]
[Date "2020.12.29"]
[Round "6"]
[White "Frolyanov_D"]
[Black "JozefKneht"]
[Result "1-0"]
[WhiteElo "2665"]
[BlackElo "2486"]
[TimeControl "180+1"]
[EndTime "11:01:58 PST"]
[Termination "Frolyanov_D won by resignation"]

1. d4 Nf6 2. c4 g6 3. Nc3 Bg7 4.
e4 d6 5. Nf3 O-O 6. Be2 e5 7. O-O Nc6 8. d5 Ne7 9. Be3 Nd7 10. Nd2 f5 11. f3 f4 12. Bf2 g5 13. b4 Ng6 14. Nb5 b6 15. a4 a6 16.
Nc3 a5 17. bxa5 Rxa5 18. Nb3 Ra8 19. a5 bxa5 20. Nxa5 h5 21. Nc6 Rxa1 22. Qxa1 Qe8 23. Nb5 Nf6 24. Nxc7 Qf7 25. Nb5 Ne8 26. Qa7 g4 27.
Qxf7+ Rxf7 1-0

[Event "*** Titled Tuesday Blitz"]
[Site "Chess.com"]
[Date "2020.12.29"]
[Round "6"]
[White "hansen"]
[Black "MPGM"]
[Result "1-0"]
[WhiteElo "2900"]
[BlackElo "2705"]
[TimeControl "180+1"]
[EndTime "11:02:03 PST"]
[Termination "hansen won by resignation"]

1. e4 c6 2. Nf3 d5 3. d3 dxe4 4. dxe4 Qxd1+ 5. Kxd1 Nf6 6. Nfd2 h5 7. f3 g5 8. Nc4 Rg8 9. a4 g4 10. Nc3 gxf3 11. gxf3 Na6 12. Be3 Be6 13. Na5 O-O-O+ 14. Kc1 Kb8 15. Bxa6 bxa6 16. Nxc6+ Kc7 17. Nxd8 Kxd8 18. Rg1 Rxg1+ 19. Bxg1 Bh6+ 20. Kd1 Nd7 21. b3 Ne5 22. Ke2 Bg7 23. Bd4 1-0

[Event "*** Titled Tuesday Blitz"]
[Site "Chess.com"]
[Date "2020.12.29"]
[Round "6"]
[White "Region_07"]
[Black "BAS8892"]
[Result "0-1"]
[WhiteElo "2471"]
[BlackElo "2640"]
[TimeControl "180+1"]
[EndTime "11:02:08 PST"]
[Termination "BAS8892 won by resignation"]

1. d4 c6 2. Nf3 d5 3. Bg5 Bf5 4. e3 Qb6 5. Bd3 Qxb2 6. Nbd2 Bxd3 7. cxd3 Qc3 8. O-O Qxd3 9. Rb1 Qa6 10. Nb3 e6 11. Ne5 Nf6 12. Bxf6 gxf6 13. Nd3 Nd7 14. Qh5 Qxd3 15. Na5 b6 16. Nxc6 Bd6 17. Kh1 Rc8 18.
Rbc1 Rxc6 19. Rfd1 Rxc1 20. Rxc1 Ke7 0-1

[Event "*** Titled Tuesday Blitz"]
[Site "Chess.com"]
[Date "2020.12.29"]
[Round "6"]
[White "Nafania1"]
[Black "Aygehovit1992"]
[Result "0-1"]
[WhiteElo "2393"]
[BlackElo "2599"]
[TimeControl "180+1"]
[EndTime "11:02:08 PST"]
[Termination "Aygehovit1992 won by resignation"]

1. e4 c6 2. Nc3 e5 3. Nf3 Qc7 4. d4 d6 5. Bd3 Nf6 6. O-O Be7 7. h3 O-O 8. Re1 Nbd7 9. Ne2 exd4 10.
Nexd4 Nc5 11. Bf4 Qb6 12. Rb1 a5 13. e5 dxe5 14. Nxe5 Nxd3 15. Qxd3 Bc5 16. Nc4 Qa6 17. c3 Nd5 18. Bd6 Bxd6 0-1

[Event "*** Titled Tuesday Blitz"]
[Site "Chess.com"]
[Date "2020.12.29"]
[Round "6"]
[White "ExtremeLearner"]
[Black "Titus369"]
[Result "0-1"]
[WhiteElo "2360"]
[BlackElo "2534"]
[TimeControl "180+1"]
[EndTime "11:02:16 PST"]
[Termination "Titus369 won by resignation"]

1. d4 d5 2. Nf3 Nf6 3. g3 e6 4. Bg2 Be7 5. O-O O-O 6. c4 dxc4 7. Qc2 b5 8. Ne5 Qxd4 9. Bxa8 Qxe5 10. Bf4 Qh5 11. Bg2 Nd5 12. Bc1 Nc6 13. e4 Nf6 14.
Be3 Ng4 15. h3 Nxe3 16. fxe3 Bc5 17. Re1 Qg5 18. Qf2 Nb4 19. Qf4 Qxf4 20. gxf4 Nc2 21. Nc3 Nxa1 22. Rxa1 Bxe3+ 23. Kf1 b4 24. Ne2 Ba6 0-1

[Event "*** Titled Tuesday Blitz"]
[Site "Chess.com"]
[Date "2020.12.29"]
[Round "6"]
[White "dopolian"]
[Black "Spriteball"]
[Result "1-0"]
[WhiteElo "2460"]
[BlackElo "2313"]
[TimeControl "180+1"]
[EndTime "11:02:19 PST"]
[Termination "dopolian won by resignation"]

1. Nf3 Nf6 2. c4 e6 3. b3 d5 4. Bb2 Be7 5. g3 O-O 6. Bg2 c6 7. O-O Nbd7 8. d4 b6 9. Nbd2 Bb7 10. Rc1 Rc8 11. Qc2 c5 12. Qb1 cxd4 13. Nxd4 Re8 14.
Rfd1 Bf8 15. Qa1 Nc5 16. h3 dxc4 17. Bxb7 Nxb7 18. Nxc4 Qc7 19. Nb5 Qe7 20. Nxa7 Nc5 21. Nxc8 Rxc8 22. Bxf6 gxf6 23. Nxb6 Rb8 24. Rxc5 Rxb6 25.
Rc8 Ra6 26. Rdd8 1-0

[Event "*** Titled Tuesday Blitz"]
[Site "Chess.com"]
[Date "2020.12.29"]
[Round "6"]
[White "zurzan"]
[Black "barbara25"]
[Result "0-1"]
[WhiteElo "2053"]
[BlackElo "2271"]
[TimeControl "180+1"]
[EndTime "11:02:29 PST"]
[Termination "barbara25 won by resignation"]

1. f4 d5 2. Nf3 e6 3. g3 Nf6 4. Bg2 Be7 5. O-O O-O 6. d3 c5 7. Qe1 b6 8. c3 Nc6 9. e4 dxe4 10. dxe4 Bb7 11. e5 Nd5 12. h3 Qc7 13. a3 b5 14.
b3 c4 15. b4 a5 16. Bb2 axb4 17. axb4 f6 18. Rxa8 Bxa8 19. Na3 fxe5 20. Nxb5 Qb6+ 21. Nbd4 exd4 22. cxd4 Ncxb4 23. Ne5 Nd3 24. Nxd3 cxd3 25. Bc3 Bf6 26. g4 Nxc3 27. Bxa8 Rxa8 28. f5 Ne2+ 29.
Kg2 Qc6+ 30. Rf3 Ra2 31. d5 Qxd5 0-1

[Event "*** Titled Tuesday Blitz"]
[Site "Chess.com"]
[Date "2020.12.29"]
[Round "6"]
[White "IrishMonkey"]
[Black "FishThatRoared"]
[Result "1-0"]
[WhiteElo "2627"]
[BlackElo "2110"]
[TimeControl "180+1"]
[EndTime "11:02:30 PST"]
[Termination "IrishMonkey won by resignation"]

1. e4 b6 2. d4 Bb7 3. Bd3 Nf6 4. Qe2 Nc6 5. c3 e5 6. Nf3 exd4 7. O-O d6 8. cxd4 Nb4 9. Bc4 Bxe4 10. Nc3 d5 11.
Nxd5 Nbxd5 12. Bb5+ Ke7 13. Bg5 Qd6 14. Qxe4+ Qe6 15.
Qd3 c6 16. Rfe1 cxb5 17. Qc2 Kd7 18. Rxe6 fxe6 19. Ne5+ Kd8 20. Qc6 1-0

[Event "*** Titled Tuesday Blitz"]
[Site "Chess.com"]
[Date "2020.12.29"]
[Round "6"]
[White "Evgeny81"]
[Black "albi1999"]
[Result "1-0"]
[WhiteElo "2724"]
[BlackElo "2535"]
[TimeControl "180+1"]
[EndTime "11:02:47 PST"]
[Termination "Evgeny81 won by resignation"]

1. c4 e5 2. g3 Nf6 3. Bg2 Nc6 4. Nc3 Bb4 5. e3 Bxc3 6. dxc3 d6 7. e4 O-O 8. Ne2 Ne8 9. O-O f5 10. exf5 Bxf5 11.
Be3 Qd7 12. c5 Bh3 13. Qb3+ Kh8 14. Bxh3 Qxh3 15. Qxb7 Nf6 16. Qxc6 e4 17. Nf4 Qg4 18. cxd6 cxd6 19. Qxd6 Rae8 20. Bd4 Qf5 21. Bxf6 Rxf6 22.
Qd5 Qg4 23. Qh5 1-0

[Event "*** Titled Tuesday Blitz"]
[Site "Chess.com"]
[Date "2020.12.29"]
[Round "6"]
[White "NodariousBIG"]
[Black "rasmussvane"]
[Result "0-1"]
[WhiteElo "2649"]
[BlackElo "2880"]
[TimeControl "180+1"]
[EndTime "11:02:51 PST"]
[Termination "rasmussvane won by resignation"]

1. e4 c6 2. d4 d5 3. exd5 cxd5 4.
c4 Nf6 5. Nc3 Nc6 6. Nf3 a6 7.
cxd5 Nxd5 8. Bd3 g6 9. Qb3 Be6 10. Bc4 Na5 11. Qa4+ Bd7 12. Qc2 Nxc3 13. Qxc3 Rc8 14.
Bxf7+ Kxf7 15. Ne5+ Ke8 16. Qf3 Be6 17. O-O Qd5 18. Qg3 Bg7 19. Re1 Nc6 20. Nxg6 hxg6 21. Qxg6+ Bf7 22. Qg4 Rd8 23. Bg5 Rg8 24. Rac1 Bf6 25.
Rxc6 Rxg5 0-1

[Event "*** Titled Tuesday Blitz"]
[Site "Chess.com"]
[Date "2020.12.29"]
[Round "6"]
[White "m_ezat"]
[Black "Flopezin"]
[Result "1-0"]
[WhiteElo "2530"]
[BlackElo "2355"]
[TimeControl "180+1"]
[EndTime "11:02:52 PST"]
[Termination "m_ezat won by resignation"]

1. d4 Nf6 2. c4 e6 3. Nc3 Bb4 4. e3 c5 5. a3 Bxc3+ 6. bxc3 Nc6 7. Bd3 d6 8. Ne2 e5 9. f3 O-O 10. O-O Nd7 11. e4 Nb6 12. f4 exf4 13. Bxf4 f5 14.
exf5 Bxf5 15. Bxf5 Rxf5 16. Ng3 Rf8 17. Qg4 Nxc4 18.
Qe6+ Kh8 19. Qxc4 cxd4 20. cxd4 Qf6 21. Rad1 Rac8 22. Qd5 Qg6 23. Qxd6 Rfd8 24. Qxg6 hxg6 25.
d5 Ne7 26. Bg5 Rd7 27. Bxe7 Rxe7 28. d6 Rd7 29. Ne4 Kh7 30. Ng5+ Kh6 31. Nf7+ Kh5 32. Rd5+ 1-0

[Event "*** Titled Tuesday Blitz"]
[Site "Chess.com"]
[Date "2020.12.29"]
[Round "6"]
[White "sorrm8thatscheckm8"]
[Black "ShapkinAnatoliy"]
[Result "0-1"]
[WhiteElo "2511"]
[BlackElo "2710"]
[TimeControl "180+1"]
[EndTime "11:02:55 PST"]
[Termination "ShapkinAnatoliy won by resignation"]

1. d4 Nf6 2. c4 g6 3. Nc3 d5 4. cxd5 Nxd5 5. e4 Nxc3 6. bxc3 Bg7 7. Bc4 c5 8. Ne2 Nc6 9. Be3 O-O 10. O-O b6 11.
Qd2 Bb7 12. Rfd1 e6 13. f3 Rc8 14. Rac1 cxd4 15. cxd4 Qd7 16. Bb5 a6 17. Ba4 b5 18.
Bb3 Rfd8 19. d5 exd5 20. Bxd5 Ne5 21. Rxc8 Qxc8 22. Bf4 Bxd5 23. exd5 Nc4 24. Qd3 Nb2 25. Qd2 Nxd1 26. Qxd1 Qc5+ 27. Kh1 Qxd5 0-1

[Event "*** Titled Tuesday Blitz"]
[Site "Chess.com"]
[Date "2020.12.29"]
[Round "6"]
[White "konradrutkowski"]
[Black "skoularikii"]
[Result "0-1"]
[WhiteElo "2397"]
[BlackElo "2601"]
[TimeControl "180+1"]
[EndTime "11:03:05 PST"]
[Termination "skoularikii won by resignation"]

1. e4 e5 2. Nf3 Nc6 3. Bb5 a6 4. Ba4 b5 5. Bb3 Nf6 6. Ng5 d5 7. exd5 Nd4 8. O-O h6 9. Nf3 Bg4 10. Re1 Bd6 11. d3 Bxf3 12. gxf3 Qd7 13. Nd2 Qh3 14.
c3 e4 0-1

[Event "*** Titled Tuesday Blitz"]
[Site "Chess.com"]
[Date "2020.12.29"]
[Round "6"]
[White "platy3"]
[Black "penguingm1"]
[Result "1-0"]
[WhiteElo "2856"]
[BlackElo "2931"]
[TimeControl "180+1"]
[EndTime "11:03:06 PST"]
[Termination "platy3 won by resignation"]

1. e4 e5 2. Nf3 Nc6 3. Bc4 Bc5 4. O-O Nf6 5. c3 Nxe4 6. d4 exd4 7. cxd4 d5 8. dxc5 dxc4 9. Qe1 Qd3 10. Nc3 f5 11.
Bf4 O-O 12. Rd1 Qc2 13. Bxc7 Re8 14. Rd2 1-0

[Event "*** Titled Tuesday Blitz"]
[Site "Chess.com"]
[Date "2020.12.29"]
[Round "6"]
[White "Zmeeed63"]
[Black "MarcoCorvi"]
[Result "1-0"]
[WhiteElo "2317"]
[BlackElo "2170"]
[TimeControl "180+1"]
[EndTime "11:03:06 PST"]
[Termination "Zmeeed63 won by resignation"]

1. d4 g6 2. c4 Bg7 3. Nf3 d6 4.
Bg5 h6 5. Bh4 Nd7 6. Nc3 a6 7.
e3 b6 8. Be2 Bb7 9. O-O g5 10.
Bg3 e6 11. b4 Ne7 12. Qc2 Ng6 13.
Rab1 Qf6 14. c5 g4 15. Nd2 h5 16. Nce4 Bxe4 17. Nxe4 Qf5 18. Bxd6 h4 19. Bxc7 O-O 20.
Bd3 Qh5 21. cxb6 f5 22. Nc5 Nxc5 23. bxc5 g3 24. fxg3 h3 25. b7 1-0

[Event "*** Titled Tuesday Blitz"]
[Site "Chess.com"]
[Date "2020.12.29"]
[Round "6"]
[White "FairChess_on_YouTube"]
[Black "ZiggyStardust64"]
[Result "1-0"]
[WhiteElo "2997"]
[BlackElo "2686"]
[TimeControl "180+1"]
[EndTime "11:03:08 PST"]
[Termination "FairChess_on_YouTube won by checkmate"]

1. e4 c6 2. Nf3 d5 3. d3 Qc7 4.
Nc3 dxe4 5. dxe4 e5 6. Bc4 b5 7.
Bb3 h6 8. O-O Nf6 9. Ne2 Nxe4 10. Ng3 Nxg3 11. fxg3 Bc5+ 12. Kh1 O-O 13. Bxh6 gxh6 14.
Ng5 Qd6 15. Qh5 hxg5 16. Rxf7 Rxf7 17. Qxf7+ Kh8 18. Qg8# 1-0

[Event "*** Titled Tuesday Blitz"]
[Site "Chess.com"]
[Date "2020.12.29"]
[Round "6"]
[White "Neftegor"]
[Black "jens1102"]
[Result "1-0"]
[WhiteElo "2564"]
[BlackElo "2371"]
[TimeControl "180+1"]
[EndTime "11:03:10 PST"]
[Termination "Neftegor won by checkmate"]

1. d4 Nf6 2. c4 e6 3. Nc3 d5 4. Nf3 c6 5. e3 Nbd7 6. Bd3 Bd6 7. e4 dxe4 8. Nxe4 Nxe4 9. Bxe4 Nf6 10. Bc2 O-O 11. O-O c5 12. dxc5 Bxc5 13. Qe1 a5 14.
Qe2 h6 15. Bf4 Qb6 16. Ne5 Bd7 17. Rad1 Rfd8 18. Rd3 Be8 19. Rg3 Kh8 20. Qf3 Be7 21.
Bxh6 gxh6 22. Qf4 Ng8 23. Nxf7+ Bxf7 24. Qxf7 Bg5 25. Qh7# 1-0

[Event "*** Titled Tuesday Blitz"]
[Site "Chess.com"]
[Date "2020.12.29"]
[Round "6"]
[White "Pelopidass"]
[Black "Homino"]
[Result "1-0"]
[WhiteElo "2565"]
[BlackElo "2301"]
[TimeControl "180+1"]
[EndTime "11:03:14 PST"]
[Termination "Pelopidass won by resignation"]

1. e4 c5 2. Nf3 Nc6 3. b3 Nf6 4. e5 Nd5 5. Bb2 e6 6. c4 Nc7 7. Nc3 Be7 8. Ne4 O-O 9. Bd3 Ne8 10. h4 d5 11. exd6 Nxd6 12. Nxd6 Qxd6 13. Bxh7+ Kxh7 14. Ng5+ Kg6 15. Qg4 f5 16. h5+ Kh6 17. Nf7+ 1-0

[Event "*** Titled Tuesday Blitz"]
[Site "Chess.com"]
[Date "2020.12.29"]
[Round "6"]
[White "erdni1993"]
[Black "goldenpuppy"]
[Result "0-1"]
[WhiteElo "2503"]
[BlackElo "2372"]
[TimeControl "180+1"]
[EndTime "11:03:15 PST"]
[Termination "goldenpuppy won by resignation"]

1. e4 c6 2. Nf3 d5 3. exd5 cxd5 4. d4 Nf6 5. c4 Bg4 6. Nc3 Nc6 7.
cxd5 Nxd5 8. Bc4 Nxc3 9. bxc3 e6 10. Rb1 Qc7 11. Qb3 Rb8 12. Bb5 Bxf3 13. gxf3 Bd6 14. Ba3 O-O 15. Rg1 e5 16. d5 Ne7 17. Rd1 Ng6 18. Bd3 f5 19. Bxd6 Qxd6 20. c4 b6 21. Qc2 Nh4 22. Ke2 Rbe8 23. Rg3 e4 24. fxe4 fxe4 25. Bxe4 Qf4 26. f3 Nxf3 0-1

[Event "*** Titled Tuesday Blitz"]
[Site "Chess.com"]
[Date "2020.12.29"]
[Round "6"]
[White "RobertoJBM"]
[Black "juancruzarias"]
[Result "0-1"]
[WhiteElo "2699"]
[BlackElo "2551"]
[TimeControl "180+1"]
[EndTime "11:03:20 PST"]
[Termination "juancruzarias won by resignation"]

1. d4 Nf6 2. c4 e6 3. Nc3 Bb4 4. Qc2 O-O 5. a3 Bxc3+ 6. Qxc3 b5 7. cxb5 c6 8. f3 Nd5 9. Qd2 f5 10. e3 cxb5 11. Bxb5 Qb6 12. Bc4 Ba6 13. Ba2 f4 14. Bxd5 exd5 15. exf4 Nc6 16. Kf2 Rae8 17. Qc3 Nxd4 18.
Kg3 Nf5+ 0-1

[Event "*** Titled Tuesday Blitz"]
[Site "Chess.com"]
[Date "2020.12.29"]
[Round "6"]
[White "ChessWarrior7197"]
[Black "FlySooHigh"]
[Result "1-0"]
[WhiteElo "2913"]
[BlackElo "2653"]
[TimeControl "180+1"]
[EndTime "11:03:24 PST"]
[Termination "ChessWarrior7197 won by resignation"]

1. e4 c5 2. Nf3 d6 3. d4 cxd4 4. Nxd4 Nf6 5. f3 e5 6. Nb3 d5 7. Bg5 Be6 8. Bxf6 gxf6 9. exd5 Qxd5 10. Qxd5 Bxd5 11. Nc3 Be6 12. O-O-O a6 13. Nd5 Bh6+ 14. Kb1 O-O 15. Nxf6+ Kg7 16. Nh5+ Kg6 17. g4 e4 18. Nc5 exf3 19. Bd3+ Kg5 20. Ne4+ Kh4 21. Nef6 Nc6 22. Rde1 Nb4 23. g5 Bxg5 24. Re4+ 1-0

[Event "*** Titled Tuesday Blitz"]
[Site "Chess.com"]
[Date "2020.12.29"]
[Round "6"]
[White "lacafi"]
[Black "Pantata007"]
[Result "0-1"]
[WhiteElo "2112"]
[BlackElo "2287"]
[TimeControl "180+1"]
[EndTime "11:03:31 PST"]
[Termination "Pantata007 won by resignation"]

1. d4 d5 2. Nf3 Nf6 3. e3 Bg4 4. Nbd2 e6 5. c4 c6 6. Qc2 Nbd7 7. Bd3 Be7 8. O-O Bh5 9. b3 O-O 10. Bb2 Rc8 11. Ne5 c5 12. dxc5 Nxc5 13. Bd4 Nxd3 14. Qxd3 dxc4 15. Ndxc4 b5 16. Nd2 a6 17. Rfc1 Qd5 18.
Ndf3 Rfd8 19. Ng5 Qxe5 0-1

[Event "*** Titled Tuesday Blitz"]
[Site "Chess.com"]
[Date "2020.12.29"]
[Round "6"]
[White "kuban1991"]
[Black "MikeSailer"]
[Result "1-0"]
[WhiteElo "2748"]
[BlackElo "2160"]
[TimeControl "180+1"]
[EndTime "11:03:34 PST"]
[Termination "kuban1991 won by resignation"]

1. a3 g6 2. h4 h5 3. e4 Bg7 4. Nf3 c6 5. d4 d5 6. Nc3 Bg4 7. Be3 Nh6 8. Qd2 dxe4 9. Nxe4 Nf5 10.
O-O-O Nxe3 11. fxe3 Nd7 12. Nf2 Be6 13. Ng5 Bf5 14. e4 Bg4 15. Nxg4 hxg4 16. Bc4 e6 17. Rhf1 Bh6 18. Kb1 Bxg5 19. hxg5 Nb6 20. Bb3 Qe7 21. Qf4 Rh7 22. d5 cxd5 23. exd5 O-O-O 24. Qxg4 Kb8 25. dxe6 Rxd1+ 26. Rxd1 fxe6 27. Qxe6 Qxg5 28. Qd6+ 1-0

[Event "*** Titled Tuesday Blitz"]
[Site "Chess.com"]
[Date "2020.12.29"]
[Round "6"]
[White "Gerryisplaying"]
[Black "peixe64"]
[Result "0-1"]
[WhiteElo "2305"]
[BlackElo "2451"]
[TimeControl "180+1"]
[EndTime "11:03:37 PST"]
[Termination "peixe64 won by resignation"]

1. d4 Nf6 2. Bg5 d5 3. Bxf6 exf6 4. e3 c6 5. Ne2 Bd6 6. g3 O-O 7. Bg2 Bf5 8. Nd2 Qd7 9. O-O Bh3 10. c4 Bxg2 11. Kxg2 dxc4 12. Nxc4 Bc7 13. a4 Qd5+ 14. f3 Qxc4 15. a5 Na6 16. Rc1 Qe6 17. e4 Bxa5 18.
Nf4 Qe7 19. d5 Rfd8 20. Qb3 Qb4 21. Qa2 Rac8 22. h4 Bb6 23. h5 Qd2+ 24. Kh3 cxd5 25. Rxc8 Rxc8 26. Nxd5 Bc5 27. h6 Qxh6+ 28. Kg2 Bd6 29.
Qa5 Rc2+ 0-1

[Event "*** Titled Tuesday Blitz"]
[Site "Chess.com"]
[Date "2020.12.29"]
[Round "6"]
[White "Chuchofrio1"]
[Black "RamyresCoelho"]
[Result "1-0"]
[WhiteElo "2275"]
[BlackElo "2090"]
[TimeControl "180+1"]
[EndTime "11:03:39 PST"]
[Termination "Chuchofrio1 won by resignation"]

1. d4 Nf6 2. c4 g6 3. Nc3 d5 4. Bf4 Bg7 5. e3 O-O 6. Rc1 c6 7. Nf3 Nh5 8. Be5 Bxe5 9. dxe5 e6 10. Qc2 Nd7 11. Be2 Qc7 12. cxd5 cxd5 13. Nb5 Qa5+ 14. Qc3 Qxc3+ 15. Rxc3 a6 16. Nd6 Ng7 17. O-O Nf5 18. Rfc1 Nxd6 19. exd6 b5 20. Rc7 Nb6 21. Ne5 f6 22.
Nc6 Bd7 23. Ne7+ Kh8 24. h4 e5 25. h5 Rf7 26. hxg6 Rxe7 27. dxe7 hxg6 28. a4 bxa4 29. Bxa6 Rxa6 30. Rxd7 1-0

[Event "*** Titled Tuesday Blitz"]
[Site "Chess.com"]
[Date "2020.12.29"]
[Round "6"]
[White "karinachess1"]
[Black "GM_Crest"]
[Result "0-1"]
[WhiteElo "2497"]
[BlackElo "2686"]
[TimeControl "180+1"]
[EndTime "11:03:42 PST"]
[Termination "GM_Crest won on time"]

1. Nf3 Nf6 2. c4 c5 3. Nc3 e6 4. d4 cxd4 5. Nxd4 a6 6. g3 Qc7 7. Bg2 Qxc4 8. O-O Nc6 9. Nc2 d5 10. Bd2 Be7 11. Rc1 O-O 12. h3 Rd8 13. b3 Qc5 14. Na4 Qa7 15. Qe1 h6 16. Be3 d4 17.
Bd2 e5 18. Nb2 Bf5 19. Nc4 Ne4 20. g4 Bh7 21. Qd1 Rac8 22. Be1 Bg5 23. Ra1 Qc5 0-1

[Event "*** Titled Tuesday Blitz"]
[Site "Chess.com"]
[Date "2020.12.29"]
[Round "6"]
[White "Love_craft"]
[Black "Agoking701"]
[Result "1-0"]
[WhiteElo "2479"]
[BlackElo "2347"]
[TimeControl "180+1"]
[EndTime "11:03:43 PST"]
[Termination "Love_craft won by resignation"]

1. Nf3 d5 2. g3 Bf5 3. Bg2 e6 4. O-O Nf6 5. d3 Nbd7 6. Nbd2 Be7 7. Qe1 h6 8. e4 Bh7 9. e5 Ng8 10. d4 c5 11. Qe2 Qc7 12. c4 Nb6 13. cxd5 Nxd5 14.
Nc4 Rd8 15. Rd1 a6 16. a4 cxd4 17. Nxd4 Bc5 18. b4 Bxb4 19. Nd6+ Rxd6 20. exd6 Bxd6 21. Bxd5 Nf6 22. Bg2 O-O 23. Bb2 Qb6 24. a5 Qa7 25. Nxe6 1-0